 Dungeon Crawl Stone Soup version 0.29.1-15-g9cfb28693d (webtiles) character file.

Game seed: 17210853261800851299

595 croobank the Covert (level 7, -4/49 HPs)
             Began as an Octopode Delver on Feb 23, 2023.
             Was an Initiate of Gozag.
             Slain by a steam dragon (10 damage)
             ... on level 4 of the Dungeon.
             The game lasted 00:16:51 (5518 turns).

croobank the Covert (Octopode Delver)               Turns: 5518, Time: 00:16:51

Health: -4/49      AC:  1    Str: 10 (11) XL:     7   Next: 40%
Magic:  7/7        EV: 15    Int: 13 (15) God:    Gozag
Gold:   638        SH:  0    Dex: 18 (19) Spells: 6/6 levels left

rFire   + . .      SeeInvis .   a - +0 hand axe (spect)
rCold   + . .      Faith    .   (no shield)
rNeg    . . .      Spirit   .   (helmet restricted)
rPois   +          Reflect  .   (no amulet)
rElec   +          Harm     .   F - +6 ring of dexterity
rCorr   +          Rampage  .   (no ring)
Will    .....                   (no ring)
Stlth   +++++.....              (no ring)
HPRegen 0.16/turn               (no ring)
MPRegen 0.10/turn               (no ring)
                                (no ring)
                                (no ring)

@: resistant
A: almost no armour, amphibious, 8 rings, camouflage 1, gelatinous body 1,
(nimble swimmer 1), tentacles
a: Renounce Religion, Potion Petition, Call Merchant, Bribe Branch


You were on level 4 of the Dungeon.
You worshipped Gozag.
Gozag was pleased with you.
You visited 1 branch of the dungeon, and saw 8 of its levels.

You collected 765 gold pieces.
You paid 127 gold pieces to Gozag.

Inventory:

Hand Weapons
 a - a +0 spectral hand axe (weapon)
 c - a +4 quarterstaff of chaos
 g - a +0 rapier
 n - a +0 trident
 p - a +3 spear of venom
 s - a +0 morningstar
 v - a +2 long sword of holy wrath
 K - a +2 dagger of protection
Missiles
 d - a throwing net
 o - 4 poisoned darts (quivered)
 D - 5 javelins
Jewellery
 F - a +6 ring of dexterity (left tentacle)
Wands
 f - a wand of digging (1)
 i - a wand of iceblast (9)
Scrolls
 b - a scroll of fog
 j - a scroll of immolation
 m - 2 scrolls of identify
 y - 2 scrolls of teleportation
 z - a scroll of magic mapping
 J - a scroll of summoning
Potions
 e - 2 potions of haste
 r - 2 potions of cancellation
 u - 2 potions of heal wounds
 A - 3 potions of lignification
 B - a potion of invisibility
 C - 4 potions of curing
 G - 3 potions of brilliance
 H - 2 potions of might


   Skills:
 + Level 4.8 Fighting
 + Level 4.2 Axes
 + Level 4.2 Dodging
 + Level 8.6 Stealth


You had 6 spell levels left.
You didn't know any spells.
Your spell library contained the following spells:

 Spells                   Type           Power      Damage    Failure   Level
 Apportation              Tloc           0%         N/A       30%         1
 Alistair's Intoxication  Tmut/Pois      0%         N/A       100%        5
 Borgnjor's Vile Clutch   Necr/Erth      0%         N/A       100%        5
 Death Channel            Necr           0%         N/A       100%        6
 Animate Dead             Necr           Unusable   N/A       N/A         4

Dungeon Overview and Level Annotations

Branches:
Dungeon (8/15)
 Temple: D:4-7         Lair: D:8-11

Altars:
Gozag
Nemelex Xobeh
Wu Jian

Annotations:
D:5 Edmund


Innate Abilities, Weirdness & Mutations

You cannot wear most types of armour.
You are amphibious.
You can wear up to eight rings at the same time.
Your skin changes colour to match your surroundings (Stealth+).
Your rubbery body absorbs attacks. (AC +1, EV +1)
((You are camouflaged when in or above water. (Stealth+)))
You have tentacles for arms and can constrict up to eight enemies at once.


Message History

The ball of steam hits you!
You hear a howl!
You hear a shout!
No target in view!
No target in view!
No target in view!
You start resting.
A steam dragon is nearby!
The steam dragon bites you. The steam dragon barely misses you.
The steam dragon attacks as you move away!
The steam dragon bites you! The steam dragon closely misses you.
The steam dragon breathes steam at you. The ball of steam misses you.
You are engulfed in a cloud of scalding steam.
The steam dragon bites you!
* * * LOW HITPOINT WARNING * * *
The steam dragon claws you but does no damage.
A howler monkey comes into view.
Okay, then.
The howler monkey moves out of view.
You feel much better.
You are engulfed in a cloud of scalding steam.
A hobgoblin comes into view.
The steam dragon bites you. The steam dragon claws you.
You feel protected. The steam dragon closely misses you.
The steam dragon claws you.
You closely miss the steam dragon. You squeeze the steam dragon.
The steam dragon is lightly wounded.
Your +0 spectral hand axe hits the steam dragon.
The steam dragon breathes steam at you. The ball of steam hits you. You resist.
* * * LOW HITPOINT WARNING * * *
The steam dragon closely misses you. The steam dragon claws you.
* * * LOW HITPOINT WARNING * * *
You hit the steam dragon.
You squeeze the steam dragon, but do no damage.
The steam dragon is moderately wounded.
Your +0 spectral hand axe hits the steam dragon.
The steam dragon bites you!
You die...
Your body crumbles into a pile of gold.

#### #.# ...# #.#
...###### #.# .......>#
#.# ........#### #.#
.............. #.#
........#####.##§#######
........h....g.D(§§....#
...####..###..##@####.##
........## ##..#....#
#.#.#.#.# ..#.#..# #.#.#
#.# ..#.#..# #.#)# ..#.#
.# .#.#.# ##..#.# ##
############...#..
.............#.######
###........[.........


You could see a steam dragon, a hobgoblin and a friendly +0 spectral hand axe
(summoned).

Vanquished Creatures
  2 scorpions
  2 hounds
  An orc priest (D:4)
  A gnoll bouda (D:3)
  An iguana (D:5)
  Crazy Yiuf (D:3)
  Jessica (D:3)
  Natasha (thrice) (D:3)
  An orc wizard (D:4)
  3 gnolls (D:3)
  4 adders
  A shadow imp (D:6)
  2 white imps
  2 worms
  4 dart slugs
  8 orcs
  6 endoplasms
  2 giant cockroaches (D:1)
  8 goblins
  5 hobgoblins
  4 kobolds (D:1)
  2 quokkas
  13 ball pythons
  9 bats
  3 frilled lizards (D:1)
  6 rats
95 creatures vanquished.

Vanquished Creatures (others)
  3 fungi (D:3)
3 creatures vanquished.

Grand Total: 98 creatures vanquished

Notes
Turn   | Place    | Note
-------+----------+-------------------------------------------
     0 | D:5      | croobank the Octopode Delver began the quest for the Orb.
     0 | D:5      | Reached XP level 1. HP: 16/16 MP: 1/1
    22 | D:5      | Noticed a hound
    37 | D:5      | Killed a hound
    38 | D:5      | Reached XP level 2. HP: 13/21 MP: 2/2
    38 | D:5      | Reached XP level 3. HP: 16/26 MP: 3/3
    61 | D:5      | Noticed an ogre
    74 | D:6      | Reached skill level 7 in Stealth
    83 | D:6      | Reached XP level 4. HP: 22/31 MP: 4/4
   182 | D:6      | Noticed an ogre
   309 | D:8      | Noticed an orc warrior
   462 | D:5      | Noticed an ice beast
   520 | D:5      | Reached XP level 5. HP: 37/37 MP: 5/5
   622 | D:6      | Noticed an ogre
   632 | D:5      | Noticed an ogre
   656 | D:5      | Noticed Edmund
  1122 | D:5      | Found a sparkling altar of Nemelex Xobeh.
  1198 | D:4      | Noticed a steam dragon
  1239 | D:4      | Found an ornate altar of the Wu Jian Council.
  1377 | D:4      | Reached XP level 6. HP: 43/43 MP: 6/6
  1423 | D:4      | Found an opulent altar of Gozag.
  1460 | D:4      | Became a worshipper of Gozag Ym Sagoz the Greedy
  1854 | D:4      | Reached skill level 8 in Stealth
  3153 | D:3      | Noticed Natasha
  3156 | D:3      | Killed Natasha
  3157 | D:3      | Reached XP level 7. HP: 49/49 MP: 7/7
  3437 | D:1      | Found a faded altar of an unknown god.
  3689 | D:1      | Found a sparkling altar of Nemelex Xobeh.
  4768 | D:3      | Noticed Jessica
  4775 | D:3      | Killed Jessica
  4961 | D:3      | Noticed Natasha
  4966 | D:3      | Killed Natasha
  5028 | D:3      | Found a runed translucent door.
  5029 | D:3      | Noticed Crazy Yiuf
  5037 | D:3      | Killed Crazy Yiuf
  5094 | D:3      | Noticed Natasha
  5103 | D:3      | Killed Natasha
  5518 | D:4      | Slain by a steam dragon

Illustrated notes

Levels and vault maps discovered:
D:1:      dpeg_arrival_shrine, layout_basic, ebering_ecumenical_altar_rust,
          minmay_hexomino_r4
D:2:      layout_basic
D:3:      layout_loops_ring, uniq_jessica, uniq_natasha, uniq_crazy_yiuf_cottage
D:4:      layout_basic, mainiacjoe_overflow_brackets, grunt_gozag_breadcrumbs,
          serial_corexii_hall, corexii_hall_statues_x, chequers_hall_statues_y,
          kennysheep_cross_bottleneck, minmay_manual_maat
D:5:      layout_loops_corners, lemuel_round_altar,
          chequers_serial_rivers_large_a, minmay_chambers_of_fives, uniq_edmund
D:6:      minmay_spotlight, layout_cave_pools,
          riverfiend_overflow_shadow_ancestor
D:7:      minmay_the_grid_plus_closed [minmay_the_grid_tree,
          minmay_the_grid_square_x, minmay_the_grid_garden,
          minmay_the_grid_small_cups, minmay_the_grid_prize_four_corners],
          layout_cave_pools, minmay_temple_entry_statues, due_unseen_surprise
D:8:      cheibrodos_fertilizer, layout_cave_pods, enter_ossuary_5,
          serial_shops, nicolae_shop_behind_doors

Skill      XL: |  1  2  3  4  5  6  7 |
---------------+----------------------+-----
Stealth        | 7 8 |  8.6
Axes           | 3 4 |  4.2
Dodging        | 3 4 |  4.2
Fighting       | 4 |  4.8

Action                   |  1- 3 |  4- 6 |  7- 9 || total
-------------------------+-------+-------+-------++-------
Melee: Hand axe          |    14 |    25 |    14 ||    53
       Tentacles         |     6 |    25 |    11 ||    42
       Constrict         |     3 |    26 |     9 ||    38
       Punch             |       |     4 |     2 ||     6
       Spear             |       |   117 |    37 ||   154
Throw: Dart              |       |    10 |       ||    10
Evoke: Wand              |       |     2 |       ||     2
  Use: Scroll            |       |     4 |    21 ||    25
       Potion            |       |     3 |     2 ||     5
 Stab: Sleeping          |     1 |    22 |    18 ||    41
       Distracted        |       |     2 |     1 ||     3
Armor: Skin              |     4 |       |     1 ||     5
Dodge: Dodged            |     8 |    59 |    15 ||    82
